 Dungeon Crawl Stone Soup version 0.13-a0-2133-ge955d09 (webtiles) character file.

94 Kae the Firebug (level 2, 0/15 HPs)
             Began as a Tengu Fire Elementalist on June 28, 2013.
             Slain by a rat (1 damage)
             ... while paralysed by a potion of paralysis
             ... on Level 3 of the Dungeon.
             The game lasted 00:02:35 (1160 turns).

Kae the Firebug (Tengu Fire Elementalist)           Turns: 1160, Time: 00:02:35

HP   0/15        AC  4     Str 13      XL: 2   Next: 91%
MP   0/5         EV  2     Int 15      God:
Gold 72          SH  0     Dex 14      Spells:  1 memorised,  2 levels left

Res.Fire  : . . .   See Invis. : .   (no weapon)
Res.Cold  : . . .   Warding    : .   a - +0 robe
Life Prot.: . . .   Conserve   : .   (no shield)
Res.Poison: .       Res.Corr.  : .   (helmet restricted)
Res.Elec. : .       Clarity    : .   (no cloak)
Sust.Abil.: . .     Spirit.Shd : .   h - +1 pair of dwarf gauntlets
Res.Mut.  : .       Stasis     : .   (boots unavailable)
Res.Rott. : .       Flight     : .   (no amulet)
Saprovore : . . .                    (no ring)
                                     (no ring)

@: paralysed, mighty, not resistant to hostile enchantments, fairly stealthy
A: beak, talons 3
a: no special abilities


You were on level 3 of the Dungeon.
You were very hungry.

You visited 1 branch of the dungeon, and saw 3 of its levels.

You collected 52 gold pieces.

Inventory:

Armour
 a - a +0 robe (worn)
 h - a +1 pair of dwarven gauntlets (worn)
Comestibles
 c - 2 bread rations
 d - a meat ration
Scrolls
 f - 2 scrolls of curse armour {unknown}
 i - a scroll of fog {unknown}
 l - a scroll of curse weapon {unknown}
 n - a scroll of teleportation {unknown}
Potions
 k - a potion of speed {unknown}
 m - a potion of heal wounds {unknown}
Books
 b - a book of Flames

   Spells                             Type                      Level
   *Flame Tongue                      Conjuration/Fire             1
   Throw Flame                        Conjuration/Fire             2
   Conjure Flame                      Conjuration/Fire             3
   Inner Flame                        Hexes/Fire                   3
   Sticky Flame                       Conjuration/Fire             4
   Fireball                           Conjuration/Fire             5


   Skills:
 - Level 2.1 Dodging
 - Level 2.0 Stealth
 + Level 1.2 Spellcasting
 * Level 2.8 Conjurations
 * Level 3.7 Fire Magic


You had 2 spell levels left.
You knew the following spells:

 Your Spells              Type           Power        Failure   Level  Hunger
a - Flame Tongue          Conj/Fire      ##...        8%          1    ##.....


Dungeon Overview and Level Annotations

Branches:
Dungeon (3/27)

Altars:

Annotations
D:2 Terence
D:3 Ijyb


Innate Abilities, Weirdness & Mutations

You have a beak for a mouth.
You have claws for feet.


Message History

The rat closely misses you. It hits you but does no damage.
You miss it. You claw it. You peck it. The rat closely misses you. It hits you.
* * * LOW HITPOINT WARNING * * *
You miss it. You claw it. The rat barely misses you. It barely misses you.
You miss it. The rat barely misses you. It hits you but does no damage.
You barely miss it. The rat bites you.
* * * LOW HITPOINT WARNING * * *
It hits you but does no damage.
You miss it. The rat closely misses you. It hits you.
* * * LOW HITPOINT WARNING * * *
Drink which item? (? for menu, Esc to quit)
You feel very mighty all of a sudden.
It was a potion of might.
You are feeling very hungry.
The rat bites you but does no damage. It hits you.
* * * LOW HITPOINT WARNING * * *
Drink which item? (? for menu, Esc to quit)
You suddenly lose the ability to move!
It was a potion of paralysis.
The rat bites you.
You die...

###############...
..........@r.......
............(###.##
#########<...#
#.....# #.....#
#....$# #..>###
#...# #...#


You could see a rat.

Vanquished Creatures
  A giant gecko (D:2)
  4 bats
  A giant cockroach (D:2)
  3 hobgoblins
  A quokka (D:2)
  5 giant newts
  2 kobolds
  4 rats
21 creatures vanquished.

Vanquished Creatures (others)
  A goblin (D:2)
1 creature vanquished.

Grand Total: 22 creatures vanquished

Notes
Turn   | Place    | Note
--------------------------------------------------------------
     0 | D:1      | Kae, the Tengu Fire Elementalist, began the quest for the Orb.
     0 | D:1      | Reached XP level 1. HP: 10/10 MP: 3/3
   214 | D:1      | Reached XP level 2. HP: 15/15 MP: 5/5
   737 | D:2      | Noticed Terence
  1130 | D:3      | Noticed Ijyb
  1160 | D:3      | Paralysed by a potion of paralysis for 2 turns
  1160 | D:3      | Slain by a rat

Action                   || total
-------------------------++-------
Melee: Unarmed           ||    57
 Cast: Flame Tongue      ||    22
  Use: Potion            ||     3
